 Dungeon Crawl Stone Soup version 0.30-a0-881-g1ff12e1e11 (webtiles) character file.

Game seed: 10793234975480368200

42 jasper the Shooter (level 3, 0/22 HPs)
             Began as a Gargoyle Hunter on Mar 14, 2023.
             Killed from afar by Sigmund (5 damage)
             ... with a puff of flame
             ... on level 2 of the Dungeon.
             The game lasted 00:01:55 (1310 turns).

jasper the Shooter (Gargoyle Hunter)                Turns: 1310, Time: 00:01:56

Health: 0/22       AC: 11    Str: 14    XL:     3   Next: 54%
Magic:  3/3        EV:  6    Int:  9    God:
Gold:   40         SH:  0    Dex: 15    Spells: 2/2 levels left

rFire   . . .      SeeInvis .    a - +0 shortbow
rCold   . . .      Faith    .    (shield currently unavailable)
rNeg    + . .      Spirit   .    d - +0 chain mail
rPois   ∞          Reflect  .    (no helmet)
rElec   +          Rampage  .    (no cloak)
rCorr   .                        (no gloves)
Will    .....                    (no boots) Stlth
                                 (no amulet)
HPRegen 0.23/turn                (no ring)
MPRegen 0.08/turn                (no ring)

@: flying
A: sickness immunity, AC +3, negative energy resistance 1, electricity
resistance, torment resistance 1, petrification resistance
a: no special abilities


You were on level 2 of the Dungeon.
You visited 1 branch of the dungeon, and saw 2 of its levels.

You collected 40 gold pieces.

Inventory:

Hand Weapons
 a - a +0 shortbow (weapon)
Armour
 c - a +0 leather armour
 d - a +0 chain mail (worn)
Jewellery
 e - an amulet of reflection
 f - a ring of fire
Scrolls
 b - 4 scrolls of immolation
 i - a scroll of vulnerability


   Skills:
 + Level 2.6 Fighting
 * Level 4.5 Ranged Weapons
 + Level 1.2 Armour
 + Level 2.0 Dodging
 - Level 1.1 Stealth


You had 2 spell levels left.
You didn't know any spells.
Your spell library was empty.

Dungeon Overview and Level Annotations

Branches:
Dungeon (2/15)

Altars:

Annotations:
D:2 Sigmund


Innate Abilities, Weirdness & Mutations

You are immune to sickness and miasma.
Your stone body is resilient. (AC +3)
You are immune to poison.
You resist negative energy. (rN+)
You are resistant to electric shocks. (rElec)
You are resistant to unholy torment.
You are immune to petrification.


Message History

The rat bites you but does no damage. x2
Fire: a) +0 shortbow
Press: ? - help, Q - select action Shift-Dir - straight line, f/p - rat
Aim: a rat (heavily wounded, 62% to hit)
You shoot an arrow. The arrow hits the rat.
You kill the rat!
Sigmund the Dreaded comes into view.
He is wielding a +0 scythe.
Sigmund shouts!
Sigmund points at you and mumbles some strange words.
You are confused.
You bump into the rock wall.
You bump into the rock wall.
Sigmund hits you from afar with a +0 scythe!
You take 8 damage, and have 14/22 hp.
MASSIVE DAMAGE!!
It was a potion of flight.
You feel very buoyant.
You fly up into the air.
You are too confused!
Unknown command.
You feel less confused.
Sigmund gestures wildly while chanting.
Sigmund flickers and vanishes!
Deactivating autopickup; reactivate with Ctrl-A.
As you read the scroll labelled PIDGHA ASKOJY, it crumbles to dust.
It is a scroll of identify.
i - a scroll of vulnerability You hear some strange, mumbled words.
A puff of flame appears from out of thin air!
The puff of flame misses you.
You aren't carrying any potions.
Unknown command.
Something hits you but does no damage. Something hits you.
You take 3 damage, and have 11/22 hp.
A magic dart appears from out of thin air!
The magic dart hits you!
* * * LOW HITPOINT WARNING * * *
You take 7 damage, and have 5/22 hp.
MASSIVE DAMAGE!!
A puff of flame appears from out of thin air!
The puff of flame hits you.
You die...

#.# ........#.#.# #...
#.# ........#.#.# #...
#.# #######.#.#.# #...
#.# #.#.#.# #######
#.###############.#.#.#
#......
#.##................#.#
#.#####
#.##.############.###.#
#.##### #.##.#
#..{.....#.#
#.####.....# #.##.#
#.######@#.#
#..........# #.##.###.#
#.#.###.#####....#
#.##...#{#
#.#.......###....#
##.####.#.#
#.#.........+....+
#.......#.#
#.#.###.#.###....#
#########.# #.#.# #.#.#
....# ..######.#.#
#.#.# ....#
###........# #.#.#
....# #........#
#.#.###....


There were no monsters in sight!

Vanquished Creatures
  2 dart slugs
  2 endoplasms
  3 giant cockroaches (D:1)
  2 goblins
  A hobgoblin (D:1)
  4 jackals (D:1)
  3 kobolds (D:1)
  6 ball pythons
  4 bats (D:1)
  5 frilled lizards (D:1)
  6 rats
38 creatures vanquished.

Notes
Turn   | Place    | Note
-------+----------+-------------------------------------------
     0 | D:1      | jasper the Gargoyle Hunter began the quest for the Orb.
     0 | D:1      | Reached XP level 1. HP: 12/12 MP: 1/1
    14 | D:1      | Noticed an electric eel
   209 | D:1      | Reached XP level 2. HP: 18/18 MP: 2/2
   400 | D:1      | Reached skill level 1 in Armour
   419 | D:1      | Reached XP level 3. HP: 22/22 MP: 3/3
  1144 | D:2      | Identified the +1 robe of the Snake Pit {Regen+}
  1295 | D:2      | Noticed Sigmund
  1310 | D:2      | Killed from afar by Sigmund

Illustrated notes

Levels and vault maps discovered:
D:1:      arrival_aquarium_a, layout_basic
D:2:      layout_basic, serial_shops, shop, uniq_sigmund

Skill      XL: |  1  2  3 |
---------------+----------+-----
Armour         | 1 |  1.2
Dodging        | 2 |  2.0
Fighting       | |  2.6
Ranged Weapons | |  4.5
Stealth        | |  1.1

Action                     || total
---------------------------++-------
   Fire: Shortbow          ||    81
    Use: Scroll            ||     1
         Potion            ||     1
 Armour: Chain mail        ||    55
  Dodge: Dodged            ||    17

Table legend: (Time is in decaauts)
 A = Elapsed time spent in this place.
 B = Non-inter-level travel time spent in this place.
 C = Inter-level travel time spent in this place.
 D = Time resting spent in this place.
 E = Time spent auto-exploring this place.
 F = Levels seen in this place.
 G = Mean time per level.
                   A        B        C        D        E       F      G
               +--------+--------+--------+--------+--------+-----+--------+
         Total |   1374 |   1347 |     27 |    105 |   1006 |   2 |  687.0 |
       Dungeon |   1374 |   1347 |     27 |    105 |   1006 |   2 |  687.0 |
               +--------+--------+--------+--------+--------+-----+--------+

Top non-repeatable levels by time:
     D:1: 1036 daAuts
     D:2: 338 daAuts
